 Dungeon Crawl Stone Soup version 0.20.1-1-g8b1a95d (webtiles) character file.

4727 Ladykiller69 the Grappler (level 10, -3/104 HPs)
             Began as a Troll Monk on July 19, 2017.
             Was a Priest of Ru.
             Slain by a slime creature (18 damage)
             ... on level 8 of the Dungeon.
             The game lasted 00:15:18 (7854 turns).

Ladykiller69 the Grappler (Troll Monk)              Turns: 7854, Time: 00:15:19

Health: -3/104     AC:  5    Str: 24    XL:     10   Next: 22%
Magic:  9/9        EV: 13    Int:  6    God:    Ru [***...]
Gold:   767        SH:  0    Dex: 12    Spells: 9/9 levels left

rFire    + . .     SeeInvis .     - Unarmed
rCold    . . .     Gourm    +   (no shield)
rNeg     . . .     Faith    .   a - +0 robe
rPois    .         Spirit   .   (helmet restricted)
rElec    .         Reflect  .   (no cloak)
rCorr    .         Harm     .   (gloves unavailable)
MR       .....                  (boots unavailable)
Stlth    ++........             k - amulet of rage
Regen    0.7/turn               m - ring of protection from fire
MPRegen  0.2/turn               (no ring)

@: no status effects
A: unfitting armour, claws 3, fast metabolism 3, gourmand, regeneration 1,
shaggy fur 1, tough skin 2, inability to use devices, hated by all
a: Draw Out Power, Renounce Religion


You were on level 8 of the Dungeon.
You worshipped Ru.
Ru was most pleased with you.
You were full.

You visited 2 branches of the dungeon, and saw 10 of its levels.
You visited the Abyss 1 time.
You also visited: Sewer.

You collected 767 gold pieces.

Inventory:

Hand Weapons
 t - a +1 whip of electrocution
 w - a +1 flail of distortion
Missiles
 z - 8 tomahawks (quivered)
 E - 6 javelins
Armour
 a - a +0 robe (worn)
Magical Staves
 D - an uncursed staff of earth
Jewellery
 i - an uncursed amulet of inaccuracy
 k - an amulet of rage (around neck)
 m - a ring of protection from fire (left claw)
 x - a +3 ring of slaying {unknown}
 B - an uncursed ring of see invisible {unknown}
Scrolls
 e - 4 scrolls of teleportation
 j - 6 scrolls of identify {unknown}
 n - 2 scrolls of enchant armour {unknown}
 s - 2 scrolls of amnesia {unknown}
 u - 2 scrolls of fear {unknown}
 y - a scroll of vulnerability {unknown}
 A - 2 scrolls of immolation {unknown}
 J - a scroll of blinking {unknown}
Potions
 c - 3 potions of agility {unknown}
 f - a potion of magic {unknown}
 g - 5 potions of heal wounds {unknown}
 h - 3 potions of lignification {unknown}
 l - 2 potions of degeneration {unknown}
 o - a potion of mutation {unknown}
 q - 2 potions of flight {unknown}
 r - 9 potions of curing {unknown}
 v - 2 potions of brilliance {unknown}
 C - a potion of berserk rage {unknown}
 G - a potion of invisibility {unknown}
 H - a potion of might {unknown}
 I - a potion of haste {unknown}
Books
 K - a book of Geomancy

   Spells                             Type                      Level
   a - Sandblast                      Earth                        1
   b - Passwall                       Transmutation/Earth          2
   c - Stone Arrow                    Conjuration/Earth            3
   d - Petrify                        Transmutation/Earth          4
   e - Lee's Rapid Deconstruction     Earth                        5
Comestibles
 b - 13 bread rations
 d - 6 meat rations
 p - 10 fruits
 F - 2 royal jellies


   Skills:
 + Level 7.8 Fighting
 + Level 7.6 Dodging
 - Level 1.0 Stealth
 + Level 9.2 Unarmed Combat


You had 9 spell levels left.
You didn't know any spells.

Dungeon Overview and Level Annotations

Branches:
Dungeon (9/15)             Temple (1/1) D:6
   Lair: D:8-11         Orc: D:9-12

Altars:
Ashenzari
Cheibriados
Dithmenos
Elyvilon
Fedhas
Gozag
Hepliaklqana
Kikubaaqudgha
Makhleb
Nemelex Xobeh
Okawaru
Qazlal
Ru
Sif Muna
Trog
Uskayaw
Vehumet
Xom
Yredelemnul
Zin
The Shining One

Shops:
D:6 %   D:8 [


Innate Abilities, Weirdness & Mutations

You are too large for most types of armour.
You have claws for hands.
Your metabolism is lightning-fast.
You like to eat raw meat.
Your natural rate of healing is unusually fast.
You are covered in fur. (AC +1)
You have very tough skin. (AC +2)
You cannot study or use magical devices.
You are hated by all.


Message History

You scratch the slime creature.
The slime creature is severely wounded.
You scratch the slime creature.
The slime creature is severely wounded.
The slime creature is stunned by your will and fails to attack.
The slime creature hits you!
You completely miss the slime creature.
The slime creature is severely wounded.
The slime creature hits you. The slime creature barely misses you.
You claw the slime creature!
The slime creature is almost dead.
The slime creature barely misses you. The slime creature hits you.
You claw the slime creature!
The slime creature is almost dead.
The slime creature hits you! The slime creature hits you!!
* * * LOW HITPOINT WARNING * * *
You scratch the slime creature.
The slime creature is almost dead.
The slime creature hits you!!
You die...

# #)# #.###.##....).<.....# # #)#
#...........###.##.## # #.#
####...##.......###.. # #.#
#)###.#..#..(...... ####.#####
#.# #......##....#. ...).....#
#.###.#.##.##.##.#.
[..)####.######....##.##.##......
................J.....##.##[.....
....###........J@.######.####..##
.....##########.### #.# #.##
.###.# #.# #.# #.# .###.# #.#
#.####.### #...## #.# #.........
##.## #.# #......### #.# #.#
#..##### #.# #.# #<.####### #.#
#.# #........#


You could see 2 slime creatures.

Vanquished Creatures
  A slime creature (D:8)
  A spriggan (D:8)
  3 yaks (D:6)
  Edmund (D:4)
  A sky beast (D:6)
  2 orc warriors
  2 ogres
  A black bear (D:6)
  2 ice beasts
  4 centaurs
  A phantom (D:7)
  7 big kobolds
  Blork the orc (D:4)
  2 bullfrogs (D:7)
  3 scorpions
  A water moccasin skeleton (D:9)
  2 howler monkeys (D:5)
  7 wights
  3 crimson imps
  2 jellies (D:7)
  2 quasits (D:6)
  2 centaur zombies
  3 hounds
  3 orc priests
  6 orc wizards
  2 bullfrog skeletons
  A centaur skeleton (D:6)
  4 iguanas
  10 worker ants
  A hound zombie (D:6)
  A hound skeleton (D:4)
  A worker ant zombie (D:9)
  Robin (D:1)
  6 gnolls (D:3)
  9 adders
  A river rat (D:3)
  An ooze (Sewer)
  5 worms
  2 dart slugs
  3 leopard geckos
  29 orcs
  7 bats
  5 giant cockroaches
  47 goblins
  39 hobgoblins
  4 jackals (D:2)
  4 quokkas
  3 ball pythons
  5 frilled lizards
  29 kobolds
  A leopard gecko zombie (D:7)
  A quokka zombie (D:7)
  8 rats
293 creatures vanquished.

Notes
Turn   | Place    | Note
-------+----------+-------------------------------------------
     0 | D:1      | Ladykiller69 the Troll Monk began the quest for the Orb.
     0 | D:1      | Reached XP level 1. HP: 22/22 MP: 0/0
   377 | D:1      | Reached XP level 2. HP: 29/29 MP: 1/1
  1287 | D:2      | Reached XP level 3. HP: 36/36 MP: 2/2
  1346 | D:2      | Noticed Robin
  1383 | D:1      | Killed Robin
  1596 | D:2      | Found a glowing golden altar of the Shining One.
  1599 | D:2      | Reached XP level 4. HP: 37/45 MP: 3/3
  1996 | D:3      | Found a white marble altar of Elyvilon.
  2167 | D:3      | Found a glowing drain.
  2171 | Sewer    | Entered a sewer
  2323 | Sewer    | Noticed a big kobold
  2336 | Sewer    | Killed a big kobold
  2336 | Sewer    | Reached skill level 4 in Unarmed Combat
  2336 | Sewer    | Reached XP level 5. HP: 24/54 MP: 4/4
  2592 | D:3      | Reached XP level 6. HP: 62/62 MP: 5/5
  3288 | D:3      | HP: 3/62 [goblin/club (2)]
  3536 | D:3      | Reached skill level 5 in Unarmed Combat
  3544 | D:3      | Reached XP level 7. HP: 42/71 MP: 6/6
  3896 | D:4      | Noticed Blork the orc
  3903 | D:4      | Killed Blork the orc
  4063 | D:4      | Noticed Edmund
  4070 | D:4      | Cast into level 1 of the Abyss (Edmund)
  4105 | Abyss:1  | Noticed a chaos spawn
  4113 | D:4      | Escaped the Abyss
  4119 | D:4      | Killed Edmund
  4119 | D:4      | Reached skill level 5 in Fighting
  4383 | D:4      | Reached skill level 5 in Dodging
  4523 | D:5      | Entered Level 5 of the Dungeon
  4536 | D:5      | Reached skill level 6 in Unarmed Combat
  4536 | D:5      | Reached XP level 8. HP: 74/80 MP: 7/7
  5326 | D:6      | Found Hywewoed's Food Emporium.
  5343 | D:6      | Reached skill level 7 in Unarmed Combat
  5579 | D:6      | Reached XP level 9. HP: 76/89 MP: 8/8
  5637 | D:6      | Found a staircase to the Ecumenical Temple.
  5646 | Temple   | Entered the Ecumenical Temple
  5653 | Temple   | Became a worshipper of Ru the Awakened
  5659 | Temple   | Gained mutation: You cannot study or use magical devices. [Ru sacrifice]
  5659 | Temple   | Reached * piety under Ru
  5659 | Temple   | Reached ** piety under Ru
  5761 | D:6      | Reached skill level 8 in Unarmed Combat
  6463 | D:7      | Found a burning altar of Makhleb.
  6783 | D:7      | Found a basalt altar of Yredelemnul.
  7335 | D:8      | Reached skill level 9 in Unarmed Combat
  7335 | D:8      | Reached XP level 10. HP: 70/102 MP: 9/9
  7368 | D:8      | Found Zaler's Antique Armour Shop.
  7527 | D:9      | Gained mutation: You are hated by all. [Ru sacrifice]
  7527 | D:9      | Reached *** piety under Ru
  7854 | D:8      | Slain by a slime creature

Skill      XL: |  1  2  3  4  5  6  7  8  9 |
---------------+----------------------------+-----
Fighting       | 3 4 5 6 7 |  7.8
Dodging        | 3 4 5 6 7 |  7.6
Unarmed Combat | 4 5 6 7 9 |  9.2
Stealth        | |  1.0

Action                   |  1- 3 |  4- 6 |  7- 9 | 10-12 || total
-------------------------+-------+-------+-------+-------++-------
Melee: Unarmed           |   109 |   284 |   432 |    79 ||   904
       Punch             |     2 |     6 |    14 |     4 ||    26
Invok: Sacrifice Artific |       |       |     1 |       ||     1
       Sacrifice Love    |       |       |       |     1 ||     1
  Use: Scroll            |       |     4 |       |       ||     4
 Stab: Sleeping          |     3 |     1 |     3 |       ||     7
       Invisible         |       |       |       |     2 ||     2
  Eat: Chunk             |    19 |    19 |    29 |     8 ||    75
Armor: Robe              |    33 |    93 |    89 |    11 ||   226
Dodge: Dodged            |    50 |   214 |   224 |    56 ||   544
